 Dungeon Crawl Stone Soup version 0.28-a0-1152-g9c71ebef14 (webtiles) character file.

Game seed: 9188550522491121020

1 spaghetti the Sneak (level 1, -1/14 HPs)
             Began as a Tengu Delver on Dec 14, 2021.
             Slain by a killer bee zombie (3 damage)
             ... on level 4 of the Dungeon.
             The game lasted 00:00:16 (204 turns).

spaghetti the Sneak (Tengu Delver)                   Turns: 204, Time: 00:00:17

Health: -1/14      AC:  4    Str: 12    XL:     1   Next: 20%
Magic:  2/2        EV: 12    Int: 10    God:
Gold:   7          SH:  0    Dex: 15    Spells: 0/0 levels left

rFire   . . .      SeeInvis .   a - +0 falchion {long}
rCold   . . .      Faith    .   (no shield)
rNeg    . . .      Spirit   .   b - +1 leather armour
rPois   .          Reflect  .   (helmet restricted)
rElec   .          Harm     .   (no cloak)
rCorr   .          Rampage  .   (no gloves)
Will    .....                   (boots unavailable)
Stlth   +++.......              (no amulet)
HPRegen 0.04/turn               (no ring)
MPRegen 0.08/turn               (no ring)

@: no status effects
A: beak, talons 3
a: no special abilities


You were on level 4 of the Dungeon.
You visited 1 branch of the dungeon, and saw 2 of its levels.

You collected 7 gold pieces.


Innate Abilities, Weirdness & Mutations

You have a beak for a mouth.
You have claws for feet.


   Skills:
 + Level 3.1 Fighting
 - Level 2.1 Long Blades
 - Level 2.1 Dodging
 - Level 5.0 Stealth


You couldn't memorise any spells.
You didn't know any spells.
Your spell library was empty.

Inventory:

Hand Weapons
 a - a +0 falchion (weapon) {long}
Missiles
 i - 18 arrows
Armour
 b - a +1 leather armour (worn)
 h - a scarf of shadows
   (You found it on level 5 of the Dungeon)
Wands
 g - a wand of digging (3)
Scrolls
 c - a scroll of fog
 d - a scroll of magic mapping {!r}
 e - a scroll of fear
Potions
 f - a potion of haste {@q3}

Dungeon Overview and Level Annotations

Branches:
Dungeon (5/15)
 Temple: D:4-7

Altars:
Makhleb

........#
#.......#
.#.......[ ###
.........###..
#........#.#
#.........#
#....Z....#
#.#@...######
#......$.....
##.....#####
#.#...###
#.......#
....#####.# ##
..... #.## ..
..... #..# ###
#..#


You could see a killer bee zombie.


Message History

🤖 Initializing magus.rc ...
Options error: Delay interrupt name "hungry" not recognised. (~/.crawlrc:4771) ✅ Successfully initialized magus.rc [v1.9.6] Welcome, spaghetti the Tengu Delver.
Everyone else who sought the Orb of Zot has failed.
Will you be different?
Press ? for a list of commands and other information.
Found four items.
Found a burning altar of Makhleb.
Found a stone staircase leading down and a stone staircase leading up.
You now have 7 gold pieces.
h - a scroll labelled IZANGU RUUF
As you read the scroll labelled IZANGU RUUF, it crumbles to dust.
It is a scroll of enchant armour.
Your +0 leather armour glows green for a moment.
h - a scarf of shadows
i - 18 arrows
j - a scroll labelled DELED MOUXT
As you read the scroll labelled DELED MOUXT, it crumbles to dust.
Your body is wracked with pain!
It was a scroll of torment. 😮 HP[-6]
You take 6 damage, and now have 8/14 hp.
MASSIVE DAMAGE!! (PAUSE)
You start resting. 😎 HP[+6]
Your hp is fully restored (14).
(D) Dungeon
Where to? (? - help)
There is a stone staircase leading up here.
You climb upwards.
There is a stone staircase leading down here.
Unknown command.
Unknown command.
Unknown command.
A giant cockroach comes into view.
The helpless giant cockroach fails to defend itself.
You hit the giant cockroach. The giant cockroach barely misses you.
The giant cockroach bites you but does no damage.
You hit the giant cockroach.
You kill the giant cockroach!
No target in view!
No target in view!
No target in view!
No target in view!
No target in view!
No target in view!
No target in view!
No target in view!
No target in view!
Found a stone staircase leading up.
A killer bee zombie comes into view.
A killer bee zombie is nearby!
The killer bee zombie closely misses you.
The killer bee zombie barely misses you.
You barely miss the killer bee zombie. You peck the killer bee zombie.
The killer bee zombie barely misses you.
The killer bee zombie hits you. 😮 HP[-6]
You take 6 damage, and now have 8/14 hp.
MASSIVE DAMAGE!! (PAUSE)
You are too injured to fight recklessly!
You hit the killer bee zombie. The killer bee zombie misses you.
The killer bee zombie closely misses you.
You hit the killer bee zombie. Your kick misses the killer bee zombie.
You peck the killer bee zombie. The killer bee zombie hits you.
* * * LOW HITPOINT WARNING * * *
The killer bee zombie barely misses you. x2 😱 HP[-6]
You take 6 damage, and now have 2/14 hp.
MASSIVE DAMAGE!! (PAUSE) Unknown command.
You hit the killer bee zombie. Your peck misses the killer bee zombie.
The killer bee zombie hits you.
You die...

Action                   || total
-------------------------++-------
Melee: Falchion          ||     6
       Peck              ||     2
  Use: Scroll            ||     2
 Stab: Sleeping          ||     1
Armor: Leather armour    ||     1
Dodge: Dodged            ||     8

Levels and vault maps discovered:
D:4:      layout_loops_ring, xom_confusion_cloud, serial_shops,
          nicolae_shop_statue_plus, amcnicky_altar_lugonu_corruption,
          uniq_crazy_yiuf_cottage
D:5:      layout_rooms, overflow_temple_1_default, minmay_temple_entry_poolview,
          minmay_liquid_box, uniq_menkaure

Notes
Turn   | Place    | Note
-------+----------+-------------------------------------------
     0 | D:5      | spaghetti the Tengu Delver began the quest for the Orb.
     0 | D:5      | Reached XP level 1. HP: 14/14 MP: 2/2
     0 | D:5      | magus.rc [v1.9.6]
   203 | D:4      | HP: 2/14 [killer bee zombie (6)]
   204 | D:4      | Slain by a killer bee zombie

Vanquished Creatures
  A giant cockroach (D:4)
1 creature vanquished.

Table legend:
 A = Non-vault XP
 B = Vault XP
 C = Vault XP percentage of total XP
 D = Non-vault monster count
 E = Vault monster count
 F = Vault count percentage of total count
                 A         B        C        D         E       F
            +---------+---------+-------+---------+---------+-------
      Total |       2 |       0 |   0.0 |       1 |       0 |   0.0
            +---------+---------+-------+---------+---------+-------
        D:4 |       2 |       0 |   0.0 |       1 |       0 |   0.0
            +---------+---------+-------+---------+---------+-------

Illustrated notes

Table legend:
 A = Kills in this place as a percentage of kills in entire the game.
 B = Kills by you in this place as a percentage of kills by you in the entire game.
 C = Kills by friends in this place as a percentage of kills by friends in the entire game.
 D = Other kills in this place as a percentage of other kills in the entire game.
 E = Experience gained in this place as a percentage of experience gained in the entire game.
 F = Experience gained in this place divided by the number of levels of this place that you have seen.
                   A       B       C       D       E      F
               +-------+-------+-------+-------+-------+----------------------
         Total | 100.0 | 100.0 |   N/A |   N/A | 100.0 |   1.0
       Dungeon | 100.0 | 100.0 |   N/A |   N/A | 100.0 |   1.0
               +-------+-------+-------+-------+-------+----------------------

Table legend: (Time is in decaauts)
 A = Elapsed time spent in this place.
 B = Non-inter-level travel time spent in this place.
 C = Inter-level travel time spent in this place.
 D = Time resting spent in this place.
 E = Time spent auto-exploring this place.
 F = Levels seen in this place.
 G = Mean time per level.
                   A        B        C        D        E       F      G
               +--------+--------+--------+--------+--------+-----+--------+
         Total |    204 |    195 |      9 |    129 |     46 |   2 |  102.0 |
       Dungeon |    204 |    195 |      9 |    129 |     46 |   2 |  102.0 |
               +--------+--------+--------+--------+--------+-----+--------+

Top non-repeatable levels by time:
     D:5: 159 daAuts
     D:4: 45 daAuts
